 Dungeon Crawl Stone Soup version 0.24.0-1-gfbc8707122 (webtiles) character file.

Game seed: 16324352168223586596, levelgen mode: deterministic

46 Mrkan the Covered (level 3, -2/31 HPs)
             Began as a Gnoll Wanderer on Oct 28, 2019.
             Slain by a leopard gecko (4 damage)
             ... on level 2 of the Dungeon.
             The game lasted 00:02:42 (906 turns).

Mrkan the Covered (Gnoll Wanderer)                   Turns: 906, Time: 00:02:42

Health: -2/31      AC:  6    Str: 16    XL:     3   Next: 66%
Magic:  4/4        EV: 12    Int: 13    God:
Gold:   124        SH:  0    Dex: 14    Spells: 3/3 levels left

rFire    . . .     SeeInvis .     - Unarmed
rCold    . . .     Gourm    .   (no shield)
rNeg     . . .     Faith    .   c - +0 ring mail
rPois    .         Spirit   .   (no helmet)
rElec    .         Reflect  .   (no cloak)
rCorr    .         Harm     .   (no gloves)
MR       .....                  (no boots)
Stlth    +.........             (no amulet)
HPRegen  0.10/turn              (no ring)
MPRegen  0.09/turn              (no ring)

@: no status effects
A: distributed training, fangs 1, strong nose
a: no special abilities


You were on level 2 of the Dungeon.
You were not hungry.

You visited 1 branch of the dungeon, and saw 2 of its levels.

You collected 124 gold pieces.

Inventory:

Missiles
 b - 3 curare-tipped darts (quivered)
 g - 27 stones
 k - a throwing net
Armour
 c - a +0 ring mail (worn)
Jewellery
 m - an uncursed ring of ice {unknown}
Scrolls
 d - 2 scrolls of teleportation
 e - a scroll of enchant armour {unknown}
 i - a scroll of amnesia {unknown}
 n - a scroll of identify {unknown}
Potions
 h - 2 potions of magic {unknown}
 j - a potion of brilliance {unknown}
 l - a potion of might {unknown}
 o - a potion of curing {unknown}
Comestibles
 a - a chunk of flesh
 f - 3 rations


   Skills:
 + Level 4.5 Fighting
 + Level 0.9 Short Blades
 + Level 0.9 Long Blades
 + Level 0.9 Axes
 + Level 0.9 Maces & Flails
 + Level 0.9 Polearms
 + Level 0.9 Staves
 + Level 0.9 Slings
 + Level 2.6 Bows
 + Level 0.9 Crossbows
 + Level 4.5 Throwing
 + Level 6.5 Armour
 + Level 2.6 Dodging
 + Level 0.9 Stealth
 + Level 0.9 Shields
 + Level 2.6 Unarmed Combat
 + Level 0.9 Spellcasting
 + Level 0.6 Conjurations
 + Level 0.6 Hexes
 + Level 0.6 Charms
 + Level 0.6 Summonings
 + Level 0.6 Necromancy
 + Level 0.6 Translocations
 + Level 0.6 Transmutations
 + Level 0.6 Fire Magic
 + Level 0.6 Ice Magic
 + Level 0.6 Air Magic
 + Level 0.6 Earth Magic
 + Level 0.6 Poison Magic
 + Level 1.0 Invocations
 + Level 0.9 Evocations


You had 3 spell levels left.
You didn't know any spells.
Your spell library was empty.

Dungeon Overview and Level Annotations

Branches:
Dungeon (2/15)

Altars:


Innate Abilities, Weirdness & Mutations

Your experience applies equally to all skills.
You have very sharp teeth.
Your uncanny sense of smell can sniff out nearby items.


Message History

The leopard gecko barely misses you.
You hit the leopard gecko but do no damage.
The leopard gecko bites you.
* * * LOW HITPOINT WARNING * * *
You closely miss the leopard gecko.
The leopard gecko bites you but does no damage.
You hit the leopard gecko.
The leopard gecko is lightly wounded.
The leopard gecko closely misses you.
You hit the leopard gecko but do no damage.
The leopard gecko is lightly wounded.
The leopard gecko barely misses you.
You miss the leopard gecko. Your bite misses the leopard gecko.
The leopard gecko is lightly wounded.
The leopard gecko barely misses you. The leopard gecko misses you.
You barely miss the leopard gecko.
You bite the leopard gecko, but do no damage.
The leopard gecko misses you. The leopard gecko bites you.
You die...

#.#(..>w....w..'....'...+
#.#.##.###.....#.####...#
###.#.##.# #.....#.# ###
#.....##.# #.....#.# #.....##.#
#.....#.# #.....##w# #######w#
#### #.....##.# #.###### #...
#.....##.#########......# #.##
#............@l..w....#.###.#
###.#..#.############.#.....#
#.#..#.# #.########
#.#..#.############.........
######.#..#......................
.......#....................#####
.#######)##################.# .#
##.####### #.# .######........#
#.#


You could see a worm and a leopard gecko.

Vanquished Creatures
  An ooze (D:1)
  2 worms (D:2)
  2 dart slugs (D:2)
  A leopard gecko (D:1)
  A ball python (D:2)
  A giant cockroach (D:2)
  3 goblins
  6 hobgoblins
  4 kobolds
  5 bats
  3 rats
29 creatures vanquished.

Notes
Turn   | Place    | Note
-------+----------+-------------------------------------------
     0 | D:1      | Mrkan the Gnoll Wanderer began the quest for the Orb.
     0 | D:1      | Mrkan set off with the following items: a +2 dagger, 3
                  | curare-tipped darts, a +0 ring mail, a scroll of
                  | teleportation, a ration
     0 | D:1      | Reached XP level 1. HP: 20/20 MP: 1/1
   120 | D:1      | Reached XP level 2. HP: 21/26 MP: 2/2
   526 | D:2      | Reached XP level 3. HP: 28/31 MP: 3/3
   695 | D:2      | Reached skill level 1 in Invocations
   895 | D:2      | HP: 1/31 [leopard gecko (1)]
   906 | D:2      | Slain by a leopard gecko

Levels and vault maps discovered:
D:1:      lemuel_arrival_muddy, layout_basic
D:2:      minmay_wonky_spiral, layout_basic, nicolae_overflow_crystal_walls,
          marbit_many_paths

Skill      XL: |  1  2  3 |
---------------+----------+-----
Invocations    | 1 |  1.0
Fighting       | |  4.5
Short Blades   | |  0.9
Long Blades    | |  0.9
Axes           | |  0.9
Maces & Flails | |  0.9
Polearms       | |  0.9
Staves         | |  0.9
Slings         | |  0.9
Bows           | |  2.6
Crossbows      | |  0.9
Throwing       | |  4.5
Armour         | |  6.5
Dodging        | |  2.6
Stealth        | |  0.9
Shields        | |  0.9
Unarmed Combat | |  2.6
Spellcasting   | |  0.9
Conjurations   | |  0.6
Hexes          | |  0.6
Charms         | |  0.6
Summonings     | |  0.6
Necromancy     | |  0.6
Translocations | |  0.6
Transmutations | |  0.6
Fire Magic     | |  0.6
Ice Magic      | |  0.6
Air Magic      | |  0.6
Earth Magic    | |  0.6
Poison Magic   | |  0.6
Evocations     | |  0.9

Action                   || total
-------------------------++-------
Melee: Unarmed           ||   165
       Bite              ||    20
       Punch             ||     2
Armor: Ring mail         ||    61
Dodge: Dodged            ||    74
